 Dungeon Crawl Stone Soup version 0.32-a0-128-g77eb882913 (console) character file.

Game seed: 12499143183798377456

30 zenocrate the Sneak (level 3, -2/23 HPs)
             Began as a Kobold Delver on Feb 7, 2024.
             Slain by a gnoll
             ... wielding a +0 club
             ... led by a gnoll bouda
              (3 damage)
             ... on level 5 of the Dungeon.
             The game lasted 00:00:26 (112 turns).

zenocrate the Sneak (Kobold Delver)                  Turns: 112, Time: 00:00:27

Health: -2/23      AC:  3    Str:  9    XL:     3   Next: 37%
Magic:  3/3        EV: 15    Int: 11    God:
Gold:   16         SH:  0    Dex: 18    Spells: 2/2 levels left

rFire   . . .        a - +0 short sword
rCold   . . .        (no shield)
rNeg    . . .        b - +0 leather armour
rPois   .            (no helmet)
rElec   .            (no cloak)
rCorr   .            (no gloves)
SInv    .            (no boots)
Will    .....        (no amulet)
Stlth   ++++         (no ring)
HPRegen 0.23/turn    (no ring)
MPRegen 0.08/turn

%: no passive effects
@: no status effects
A: small, no large weapons, nightstalker 3
a: no special abilities


You were on level 5 of the Dungeon.
You visited 1 branch of the dungeon, and saw 1 of its levels.

You collected 16 gold pieces.

Inventory:

Hand Weapons
 a - a +0 short sword (weapon)
Armour
 b - a +0 leather armour (worn)
Wands
 g - a wand of digging (3)
Scrolls
 c - a scroll of fog
 d - a scroll of revelation
Potions
 f - a potion of haste
 h - a potion of berserk rage {unknown}


   Skills:
 - Level 3.2 Fighting
 + Level 3.5 Short Blades
 + Level 3.1 Dodging
 + Level 7.1 Stealth
 + Level 0.0 Evocations


You had 2 spell levels left.
You didn't know any spells.
Your spell library was empty.

Dungeon Overview and Level Annotations

Branches:
Dungeon (5/15)
 Temple: D:4-7

Altars:


Innate Abilities, Weirdness & Mutations

You are small and have problems with some larger weapons.
You are completely attuned to the shadows.


Message History

You closely miss the adder.
The gnoll bouda gazes fiercely through you!
You feel your attacks grow feeble. The adder barely misses you.
You hit the adder.
The adder is moderately wounded.
The adder completely misses you.
You barely miss the adder.
The adder is moderately wounded.
The gnoll bouda gazes fiercely through you!
You feel as though you will be weak longer.
The adder misses you.
You closely miss the adder.
The adder is moderately wounded.
The gnoll hits you from afar with a +0 halberd.
The gnoll bouda hits you with a +0 whip!
The adder closely misses you.
As you read the scroll of fear, it crumbles to dust.
You assume a fearsome visage.
The adder looks frightened!
The gnoll bouda looks frightened!
The gnoll looks frightened! x3
Unknown command.
The gnoll hits you with a +0 club.
* * * LOW HITPOINT WARNING * * *
Found a stone staircase leading up.
The gnoll barely misses you.
Okay, then.
You barely miss the gnoll.
Your attacks no longer feel as feeble.
The gnoll barely misses you.
Unknown command.
You barely miss the gnoll.
Unknown command.
You hit the gnoll. Your punch misses the gnoll.
The gnoll is lightly wounded.
The gnoll hits you with a +0 club.
* * * LOW HITPOINT WARNING * * *
Unknown command.
You hit the gnoll.
The gnoll is moderately wounded.
The gnoll hits you with a +0 club.
You die...

#.....##
...g..g#
..gg..S## ...
#....##
....####...g#
<............#
#...........g..
#..............
#..............
.....g...)....
....@..[......
###...........
#...........
##..........
.#####.........#
.........#...###
.......######
##...### #...#
##..## #...#


You could see a gnoll (swift).

Vanquished Creatures
  An orc wizard (D:5)
  3 orcs (D:5)
4 creatures vanquished.

Notes
Turn   | Place    | Note
-------+----------+-------------------------------------------
     0 | D:5      | zenocrate the Kobold Delver began the quest for the Orb.
     0 | D:5      | Reached XP level 1. HP: 14/14 MP: 1/1
    16 | D:5      | Noticed an orc wizard
    35 | D:5      | Killed an orc wizard
    36 | D:5      | Reached skill level 7 in Stealth
    36 | D:5      | Reached XP level 2. HP: 14/19 MP: 2/2
    36 | D:5      | Reached XP level 3. HP: 17/23 MP: 3/3
   111 | D:5      | HP: 1/23 [gnoll/+0 club[a gnoll bouda] (6)]
   112 | D:5      | Slain by a gnoll

Illustrated notes

Levels and vault maps discovered:
D:5:      layout_layer_cave, serial_shops, nicolae_shop_just_a_little_nook,
          nicolae_goblin_pals

Skill      XL: |  1 |
---------------+----+-----
Short Blades   | 3 |  3.5
Dodging        | 3 |  3.1
Stealth        | 7 |  7.1
Fighting       | |  3.2

Action                     || total
---------------------------++-------
  Melee: Short sword       ||    27
         Punch             ||     1
    Use: Scroll            ||     1
   Stab: Sleeping          ||     3
 Armour: Leather armour    ||    11
  Dodge: Dodged            ||    17

Table legend: (Time is in decaauts)
 A = Elapsed time spent in this place.
 B = Non-inter-level travel time spent in this place.
 C = Inter-level travel time spent in this place.
 D = Time resting spent in this place.
 E = Time spent auto-exploring this place.
 F = Levels seen in this place.
 G = Mean time per level.
                   A        B        C        D        E       F      G
               +--------+--------+--------+--------+--------+-----+--------+
         Total |    108 |    108 |      0 |      0 |     60 |   1 |  108.0 |
       Dungeon |    108 |    108 |      0 |      0 |     60 |   1 |  108.0 |
               +--------+--------+--------+--------+--------+-----+--------+

Top non-repeatable levels by time:
     D:5: 108 daAuts
